 Dungeon Crawl Stone Soup version 0.30-a0-365-ge7f957f1db (webtiles) character file.

Game seed: 15016511026073332255

5201 holysushi the Carver (level 10, -10/71 HPs)
             Began as an Octopode Monk on Nov 16, 2022.
             Killed from afar by an electric eel (11 damage)
             ... with a bolt of electricity
             ... on level 9 of the Dungeon.
             The game lasted 00:15:17 (8242 turns).

holysushi the Carver (Octopode Monk)                Turns: 8242, Time: 00:15:18

Health: -10/71     AC:  5    Str: 10    XL:     10   Next: 60%
Magic:  0/10       EV: 21    Int: 14    God:
Gold:   212        SH:  0    Dex: 18    Spells: 9/9 levels left

rFire   . . .      SeeInvis .    A - +1 scimitar (venom)
rCold   . . .      Faith    .    (no shield)
rNeg    . . .      Spirit   +    (helmet restricted)
rPois   +          Reflect  .    p - amulet of guardian spirit
rElec   .          Harm     .    m - +4 ring of evasion
rCorr   .          Rampage  .    u - ring of willpower
Will    +....                    w - ring of poison resistance
Stlth   +++.......               x - +4 ring of protection
HPRegen 0.31/turn                (no ring)
MPRegen 0.12/turn                (no ring)
                                 (no ring)
                                 (no ring)

@: no status effects
A: almost no armour, amphibious, 8 rings, camouflage 1, gelatinous body 1,
(nimble swimmer 1), tentacles
a: no special abilities


You were on level 9 of the Dungeon.
You visited 2 branches of the dungeon, and saw 10 of its levels.
You also visited: Ossuary.

You collected 489 gold pieces.
You spent 277 gold pieces at shops.

Inventory:

Hand Weapons
 a - a +0 falchion
 A - a +1 scimitar of venom (weapon)
Jewellery
 m - a +4 ring of evasion (left tentacle)
 p - an amulet of guardian spirit (around mantle)
 u - a ring of willpower (right tentacle)
 w - a ring of poison resistance (on tentacle)
 x - a +4 ring of protection (on tentacle)
Wands
 e - a wand of quicksilver (12)
 l - a wand of flame (6)
 y - a wand of roots (10)
 z - a wand of charming (11)
Scrolls
 r - a scroll of fear
 s - a scroll of enchant armour
 D - a scroll of amnesia
 F - a scroll of teleportation
Potions
 b - a potion of attraction
 c - 2 potions of heal wounds
 d - 2 potions of brilliance
 f - a potion of flight
 g - a potion of might
 h - a potion of resistance
 i - 4 potions of curing
 j - 2 potions of lignification
 k - a potion of cancellation
 n - a potion of degeneration
 o - 3 potions of mutation
 q - 2 potions of magic
 t - 3 potions of haste
 v - a potion of ambrosia


   Skills:
 + Level 7.2 Fighting
 * Level 11.8 Long Blades
 + Level 7.2 Dodging
 - Level 2.6 Stealth
 - Level 5.0 Evocations


You had 9 spell levels left.
You didn't know any spells.
Your spell library contained the following spells:

 Spells                   Type           Power      Damage    Failure   Level
 Apportation              Tloc           0%         N/A       28%         1
 Necrotise                Necr           0%         1d4       28%         1
 Sting                    Tmut/Pois      0%         1d3       28%         1
 Summon Small Mammal      Summ           0%         N/A       28%         1
 Poisonous Vapours        Pois/Air       0%         N/A       41%         2
 Frozen Ramparts          Ice            0%         1d1       65%         3
 Inner Flame              Hex/Fire       0%         N/A       65%         3
 Summon Guardian Golem    Hex/Summ       0%         N/A       65%         3
 Cause Fear               Hex            0%         N/A       96%         4
 Ice Form                 Ice/Tmut       0%         N/A       96%         4
 Olgreb's Toxic Radiance  Pois           0%         N/A       96%         4
 Summon Ice Beast         Ice/Summ       0%         N/A       96%         4
 Orb of Destruction       Conj           0%         9d5       100%        7
 Spellforged Servitor     Conj/Summ      0%         N/A       100%        7
 Discord                  Hex            0%         N/A       100%        8


Dungeon Overview and Level Annotations

Branches:
Dungeon (9/15) Zot: 26825  Temple (1/1) D:6 Zot: 5859    Lair (0/5) D:9
Ossuary (visited)
    Orc: D:9-12

Altars:
Ashenzari
Cheibriados
Dithmenos
Elyvilon
Fedhas
Kikubaaqudgha
Nemelex Xobeh
Okawaru
Qazlal
Sif Muna
Trog
Uskayaw
Vehumet
Wu Jian
Xom
Yredelemnul
Zin
The Shining One

Shops:
D:4 ![!   D:7 ?

Annotations:
D:4 1 runed translucent door, hgbash's ghost, novice MiBe
D:6 exclusion: downstairs
D:7 2 transporters, kingsuperguy's ghost, amateur MiHu


Innate Abilities, Weirdness & Mutations

You cannot wear most types of armour.
You are amphibious.
You can wear up to eight rings at the same time.
Your skin changes colour to match your surroundings (Stealth+).
Your rubbery body absorbs attacks. (AC +1, EV +1)
((You are camouflaged when in or above water. (Stealth+)))
You have tentacles for arms and can constrict up to eight enemies at once.


Message History

You are engulfed in a cloud of scalding steam.
* * * LOW HITPOINT WARNING * * *
The steam dragon misses you.
The steam dragon claws you but does no damage.
You hit the steam dragon.
You squeeze the steam dragon, but do no damage.
The steam dragon is heavily wounded.
You are engulfed in a cloud of scalding steam.
The steam dragon completely misses you. The steam dragon closely misses you.
You feel much better.
You are engulfed in a cloud of scalding steam.
A killer bee comes into view.
The steam dragon barely misses you. x2
The troll is engulfed in a cloud of scalding steam.
The troll bites you!
* * * LOW HITPOINT WARNING * * *
The troll claws you.
* * * LOW HITPOINT WARNING * * *
The troll misses you.
The killer bee moves out of view.
You closely miss the troll.
The troll is moderately wounded.
You are engulfed in a cloud of scalding steam.
* * * LOW HITPOINT WARNING * * *
The steam dragon closely misses you. The steam dragon misses you.
The troll is engulfed in a cloud of scalding steam.
The troll bites you!
* * * LOW HITPOINT WARNING * * *
The troll closely misses you. The troll completely misses you.
Blink to where?
Press: ? - help, Dir - move target A wolf and a killer bee come into view.
As you read the scroll of blinking, it crumbles to dust.
A killer bee comes into view.
The steam dragon breathes steam at you. The ball of steam misses you.
The electric eel shoots out a bolt of lightning at you!
The bolt of electricity misses you.
The electric eel shoots out a bolt of lightning at you!
The bolt of electricity hits you!
You die...

#...~~≈≈~≈≈.~~hh.≈≈
#...yhS≈~.≈Shh≈~~~≈
#......~T≈≈≈≈≈≈~≈≈~ ####
#...~~~..~~≈≈≈≈~≈≈~ ...#
...y.~....~≈≈≈≈≈~. ...#
..........~≈≈≈≈~. ...#
..#..#...#####. ...#
#...y.§§§D§#
#'############..@§§...T.#
.....'..........##+###..#
.....#..........# ####
######'#..#######
...#...#..# ...#...#..#
†..#...#..# ...#...#..#
..######..#


You could see 3 wolves, 3 killer bees and 2 electric eels.

Vanquished Creatures
  A two-headed ogre (D:8)
  Maggie (D:6)
  A troll (D:9)
  A wraith (Ossuary)
  A steam dragon (D:6)
  2 water moccasins (D:6)
  2 ice beasts
  2 orc warriors (D:8)
  3 black bears
  An ogre (D:6)
  A centaur (D:5)
  A kobold brigand (D:8)
  2 bullfrogs
  2 necrophages (D:6)
  A scorpion (D:3)
  8 wights (D:8)
  13 killer bees
  6 howler monkeys
  7 hounds
  5 jellies
  2 gnoll boudas (D:6)
  6 iguanas
  11 orc wizards
  A mummy (Ossuary)
  12 adders
  7 gnolls
  A shadow imp (D:7)
  2 white imps
  3 dart slugs
  24 orcs
  5 endoplasms
  5 giant cockroaches
  6 hobgoblins
  3 jackals (D:1)
  11 quokkas
  16 ball pythons
  5 bats
  5 frilled lizards
  8 gnoll skeletons (Ossuary)
  3 goblins
  A goblin zombie (D:6)
  12 kobolds
  8 kobold skeletons (Ossuary)
  9 orc skeletons (Ossuary)
  A quokka zombie (D:6)
  6 rats
234 creatures vanquished.

Vanquished Creatures (others)
  An orc wizard (D:8)
  19 plants (D:3)
20 creatures vanquished.

Grand Total: 254 creatures vanquished

Notes
Turn   | Place    | Note
-------+----------+-------------------------------------------
     0 | D:1      | holysushi the Octopode Monk began the quest for the Orb.
     0 | D:1      | Reached XP level 1. HP: 16/16 MP: 1/1
   200 | D:1      | Reached XP level 2. HP: 20/21 MP: 2/2
   452 | D:1      | Reached skill level 4 in Long Blades
   456 | D:1      | Reached XP level 3. HP: 5/26 MP: 3/3
   662 | D:1      | Found a faded altar of an unknown god.
   919 | D:2      | Reached XP level 4. HP: 31/31 MP: 4/4
  1383 | D:3      | Noticed a scorpion
  1424 | D:3      | Reached skill level 5 in Long Blades
  1552 | D:3      | Reached skill level 1 in Evocations
  1552 | D:3      | Reached XP level 5. HP: 35/36 MP: 5/5
  1813 | D:3      | Found a shadowy altar of Dithmenos.
  2073 | D:3      | Reached skill level 6 in Long Blades
  2073 | D:3      | Reached XP level 6. HP: 16/42 MP: 6/6
  2454 | D:4      | Found Myulaf's Distillery.
  2504 | D:4      | Bought a potion of lignification for 36 gold pieces
  2504 | D:4      | Bought a potion of degeneration for 12 gold pieces
  2504 | D:4      | Bought a potion of curing for 36 gold pieces
  2504 | D:4      | Bought a potion of mutation for 96 gold pieces
  2527 | D:4      | Found Bounit's Distillery.
  2830 | D:4      | Found a blossoming altar of Fedhas.
  2830 | D:4      | Found a glowing silver altar of Zin.
  2830 | D:4      | Found an ancient bone altar of Kikubaaqudgha.
  2830 | D:4      | Found a glowing golden altar of the Shining One.
  2904 | D:4      | Found a runed translucent door.
  2904 | D:4      | Noticed hgbash's ghost (novice MiBe)
  3012 | D:4      | Found Qiys Vepn's Armour Boutique.
  3132 | D:4      | Reached skill level 7 in Long Blades
  3392 | D:4      | Reached XP level 7. HP: 46/46 MP: 7/7
  3613 | D:5      | Entered Level 5 of the Dungeon
  3901 | D:5      | Found a stormy altar of Qazlal.
  4229 | D:5      | Reached skill level 8 in Long Blades
  4598 | D:6      | Reached XP level 8. HP: 52/54 MP: 8/8
  4629 | D:6      | Reached skill level 9 in Long Blades
  4687 | D:6      | Found a sand-covered staircase.
  4718 | D:6      | Found a staircase to the Ecumenical Temple.
  4728 | Temple   | Entered the Ecumenical Temple
  4833 | D:6      | Found a broken altar of Ashenzari.
  4853 | Ossuary  | Entered an ossuary
  4853 | Ossuary  | Noticed a wraith
  4853 | Ossuary  | Noticed a wraith
  4853 | Ossuary  | Noticed a wraith
  4944 | Ossuary  | Noticed a wraith
  4957 | Ossuary  | Killed a wraith
  4958 | Ossuary  | Reached skill level 5 in Fighting
  4958 | Ossuary  | Reached skill level 5 in Dodging
  5231 | D:6      | Reached XP level 9. HP: 61/61 MP: 9/9
  5312 | D:6      | Found a snail-covered altar of Cheibriados.
  5457 | D:6      | Noticed Maggie
  5478 | D:6      | Killed Maggie
  5479 | D:6      | Reached skill level 10 in Long Blades
  6482 | D:7      | Reached XP level 10. HP: 58/69 MP: 7/10
  6542 | D:7      | Found Mazxet's Magic Scroll Shoppe.
  6551 | D:7      | Bought a scroll of blinking for 97 gold pieces
  6555 | D:7      | Identified the +1 robe of Levity {Str+3}
  6635 | D:7      | Found a transporter.
  6637 | D:7      | Found a transporter.
  6652 | D:7      | Noticed a moth of wrath
  6655 | D:7      | Noticed kingsuperguy's ghost (amateur MiHu)
  6657 | D:7      | Found a bloodstained altar of Trog.
  7087 | D:8      | Noticed a two-headed ogre
  7096 | D:8      | Killed a two-headed ogre
  7097 | D:8      | Reached skill level 11 in Long Blades
  7128 | D:8      | Reached skill level 5 in Evocations
  7710 | D:8      | Found a shimmering blue altar of Sif Muna.
  7988 | D:8      | Found an ornate altar of the Wu Jian Council.
  8077 | D:9      | Found a shimmering altar of Xom.
  8226 | D:9      | Found a staircase to the Lair.
  8241 | D:9      | HP: 1/71 [troll (7)]
  8242 | D:9      | Killed from afar by an electric eel

Illustrated notes

Levels and vault maps discovered:
D:1:      nzn_arrival_water_spiral, layout_basic,
          dilly_ecumenical_altar_fadedgnrine, minmay_pentomino_o4
D:2:      layout_loops_cross
D:3:      wad_woods_tower, layout_loops_ring, overflow_temple_1_default
D:4:      minmay_chambers_of_threes, layout_rooms,
          grunt_temple_overflow_cloverleaf, hellmonk_ghost_happy_afterlife,
          serial_shops, nicolae_stop_n_shop_2, nicolae_shop_waterfront,
          nicolae_shop_temple_entry_statues_fountains
D:5:      layout_loops_ring, grunt_qazlal_sundering, corexii_hall_statues_i
D:6:      layout_loops_ring, old_standard_altar, mainiacjoe_overflow_chevrons,
          minmay_temple_entry_mist, enter_ossuary_4, minmay_misc_feat_square,
          minmay_circle_x, uniq_maggie
D:7:      layout_basic, gammafunk_ghost_wrathful_warriors, serial_shops, shop,
          minmay_door_square
D:8:      layout_basic, kennysheep_orc_sif_temple,
          pdpol_wu_jian_five_deadly_venoms, st_stairs_13
D:9:      layout_grid_maze, grunt_temple_overflow_open, xom_teletrap_fun,
          erik_lair_island, st_stairs_8, uniq_prince_ribbit1
Temple:   nicolae_temple_two_arcs

Skill      XL: |  1  2  3  4  5  6  7  8  9 10 |
---------------+-------------------------------+-----
Long Blades    | 4 5 6 7 8 9 10 11 | 11.8
Evocations     | 1 2 4 5 |  5.0
Fighting       | 4 5 6 7 |  7.2
Dodging        | 4 5 6 7 |  7.2
Stealth        | |  2.6

Action                   |  1- 3 |  4- 6 |  7- 9 | 10-12 || total
-------------------------+-------+-------+-------+-------++-------
Melee: Falchion          |    56 |   141 |   190 |       ||   387
       Constrict         |    13 |    37 |    59 |    22 ||   131
       Tentacles         |     3 |    39 |    80 |    29 ||   151
       Punch             |       |     3 |     3 |       ||     6
       Scimitar          |       |       |    72 |   111 ||   183
Evoke: Wand              |       |     5 |    11 |     5 ||    21
  Use: Scroll            |       |     6 |    14 |     5 ||    25
       Potion            |       |     1 |     3 |     3 ||     7
 Stab: Sleeping          |    13 |     9 |    11 |     6 ||    39
       Distracted        |     1 |     1 |       |       ||     2
Armor: Skin              |     2 |     2 |    17 |    11 ||    32
Dodge: Dodged            |    36 |   137 |   254 |    96 ||   523

Table legend: (Time is in decaauts)
 A = Elapsed time spent in this place.
 B = Non-inter-level travel time spent in this place.
 C = Inter-level travel time spent in this place.
 D = Time resting spent in this place.
 E = Time spent auto-exploring this place.
 F = Levels seen in this place.
 G = Mean time per level.
                   A        B        C        D        E       F      G
               +--------+--------+--------+--------+--------+-----+--------+
         Total |   8213 |   7875 |    338 |   1358 |   4503 |  11 |  746.6 |
       Dungeon |   7844 |   7506 |    338 |   1346 |   4396 |   9 |  871.6 |
        Temple |    140 |    140 |      0 |      0 |     60 |   1 |  140.0 |
       Ossuary |    229 |    229 |      0 |     12 |     47 |   1 |  229.0 |
               +--------+--------+--------+--------+--------+-----+--------+

Top non-repeatable levels by time:
     D:6: 1488 daAuts
     D:3: 1292 daAuts
     D:8: 1032 daAuts
     D:5: 972 daAuts
     D:4: 896 daAuts
     D:1: 758 daAuts
     D:2: 673 daAuts
     D:7: 556 daAuts
 Ossuary: 229 daAuts
     D:9: 173 daAuts
  Temple: 140 daAuts
